 Dungeon Crawl Stone Soup version 0.27.0-1-g7a089689b8 (webtiles) character file.

Game seed: 16838793501589798478

2037 dipablo the Shield-Bearer (level 9, -7/74 HPs)
             Began as a Gnoll Fighter on Aug 3, 2021.
             Was an Initiate of Cheibriados.
             Mangled by a deep troll (19 damage)
             ... on level 7 of the Dungeon.
             The game lasted 00:13:03 (6612 turns).

dipablo the Shield-Bearer (Gnoll Fighter)           Turns: 6612, Time: 00:13:03

Health: -7/74      AC: 17    Str: 17    XL:     9   Next: 24%
Magic:  15/15      EV:  5    Int: 17    God:    Cheibriados [......]
Gold:   290        SH: 11    Dex: 13    Spells: 16/16 levels left

rFire    . . .     SeeInvis .   C - +1 hand axe (venom)
rCold    . . .     Faith    .   c - +0 kite shield
rNeg     . . .     Spirit   .   d - +0 plate armour
rPois    .         Reflect  .   u - +0 helmet
rElec    .         Harm     .   (no cloak)
rCorr    .         Rampage  .   o - +0 pair of gloves
Will     .....                  r - +0 pair of boots
Stlth    ..........             s - amulet of regeneration
HPRegen  1.22/turn              q - +6 ring of intelligence
MPRegen  0.14/turn              (no ring)

@: very slow
A: fangs 1, strong nose, distributed training
a: Renounce Religion, Bend Time


You were on level 7 of the Dungeon.
You worshipped Cheibriados.
Cheibriados was noncommittal.
You visited 2 branches of the dungeon, and saw 8 of its levels.

You collected 330 gold pieces.
You spent 40 gold pieces at shops.

Inventory:

Hand Weapons
 C - a +1 hand axe of venom (weapon)
   (You found it on level 5 of the Dungeon)
Missiles
 b - 81 bolts
 g - 15 sling bullets
 A - 14 poisoned darts (quivered)
 B - a throwing net
Armour
 c - a +0 kite shield (worn)
 d - a +0 plate armour (worn)
   (You took it off an orc warrior on level 6 of the Dungeon)
 h - a +0 chain mail
   (You found it on level 3 of the Dungeon)
 o - a +0 pair of gloves (worn)
   (You found it on level 2 of the Dungeon)
 r - a +0 pair of boots (worn)
   (You found it on level 2 of the Dungeon)
 u - a +0 helmet (worn)
   (You took it off Robin on level 4 of the Dungeon)
Jewellery
 q - a +6 ring of intelligence (left hand)
   (You took it off a kobold on level 2 of the Dungeon)
 s - an amulet of regeneration (around neck)
   (You took it off a goblin on level 4 of the Dungeon)
 y - a ring of protection from fire
   (You found it on level 5 of the Dungeon)
Wands
 t - a wand of flame (35)
   (You took it off Robin on level 4 of the Dungeon)
Scrolls
 e - 3 scrolls of vulnerability
 j - 3 scrolls of noise
 l - 2 scrolls of teleportation
 m - 3 scrolls of magic mapping
 p - a scroll of blinking
 w - a scroll of fog {unknown}
Potions
 a - a potion of berserk rage {unknown}
 f - 2 potions of brilliance
 i - a potion of heal wounds {unknown}
 k - a potion of invisibility
 n - 3 potions of cancellation
 v - a potion of magic
 x - a potion of resistance {unknown}
 z - a potion of degeneration {unknown}


   Skills:
 + Level 7.8 Fighting
 + Level 6.2 Short Blades
 + Level 4.0 Long Blades
 + Level 4.0 Axes
 + Level 4.0 Maces & Flails
 + Level 4.0 Polearms
 + Level 4.0 Staves
 + Level 4.0 Slings
 + Level 4.0 Bows
 + Level 4.0 Crossbows
 + Level 4.0 Throwing
 + Level 7.8 Armour
 + Level 4.0 Dodging
 + Level 4.0 Stealth
 + Level 7.8 Shields
 + Level 4.0 Unarmed Combat
 + Level 4.0 Spellcasting
 + Level 3.3 Conjurations
 + Level 3.3 Hexes
 + Level 3.3 Summonings
 + Level 3.3 Necromancy
 + Level 3.3 Translocations
 + Level 3.3 Transmutations
 + Level 3.3 Fire Magic
 + Level 3.3 Ice Magic
 + Level 3.3 Air Magic
 + Level 3.3 Earth Magic
 + Level 3.3 Poison Magic
 + Level 4.4 Invocations
 + Level 4.0 Evocations


You had 16 spell levels left.
You didn't know any spells.
Your spell library contained the following spells:

 Spells                   Type           Power      Damage    Failure   Level
 Foxfire                  Conj/Fire      56%        2x1d6     97%         1
 Passwall                 Tmut/Erth      11%        N/A       99%         2
 Conjure Flame            Conj/Fire      14%        6-21      100%        3
 Inner Flame              Hex/Fire       14%        N/A       100%        3
 Swiftness                Air            14%        N/A       100%        3
 Petrify                  Tmut/Erth      14%        N/A       100%        4
 Metabolic Englaciation   Hex/Ice        7%         N/A       100%        5
 Invisibility             Hex            7%         N/A       100%        6
 Statue Form              Tmut/Erth      9%         N/A       100%        6


Dungeon Overview and Level Annotations

Branches:
Dungeon (7/15)             Temple (1/1) D:4

Altars:
Ashenzari
Cheibriados
Dithmenos
Elyvilon
Fedhas
Hepliaklqana
Kikubaaqudgha
Makhleb
Nemelex Xobeh
Okawaru
Qazlal
Ru
Sif Muna
Trog
Uskayaw
Vehumet
Wu Jian
Xom
Yredelemnul
Zin
The Shining One

Shops:
D:3 ?((


Innate Abilities, Weirdness & Mutations

You have very sharp teeth.
Your uncanny sense of smell can sniff out nearby items.
Your experience applies equally to all skills.


Message History

Done exploring.
Done exploring.
(D) Dungeon (T) Temple
Where to? (Enter - D:6, ? - help)
There is a stone staircase leading down here.
You climb downwards.
There is a stone staircase leading up here.
You see here a +0 dagger.
A centaur comes into view.
The centaur shouts!
The centaur wields a +0 shortbow.
The centaur shoots an arrow.
You block the arrow.
The centaur shoots an arrow.
The arrow hits you.
The centaur shoots an arrow.
You block the arrow.
The centaur shoots an arrow.
The arrow hits you!
The centaur shoots an arrow.
The arrow barely misses you.
You see here 23 bolts.
The centaur shoots an arrow.
You block the arrow.
The centaur unwields a +0 shortbow.
The centaur barely misses you.
The centaur kicks you but does no damage.
You hit the centaur but do no damage.
The centaur is poisoned.
The centaur hits you but does no damage.
You block the centaur's attack.
The centaur hits you but does no damage.
You block the centaur's attack.
You hit the centaur.
The centaur looks as sick as possible!
Your bite misses the centaur. The centaur hits you.
The centaur kicks you but does no damage.
The centaur hits you but does no damage.
You block the centaur's attack.
You completely miss the centaur. You bite the centaur, but do no damage.
The centaur hits you. You block the centaur's attack. The centaur hits you.
The centaur kicks you.
You barely miss the centaur. You block the centaur's attack.
The centaur kicks you but does no damage.
The centaur hits you.
The centaur kicks you but does no damage.
You barely miss the centaur. You block the centaur's attack.
The centaur kicks you but does no damage.
The centaur hits you but does no damage.
The centaur kicks you but does no damage.
You hit the centaur.
The centaur looks as sick as possible!
You block the centaur's attack. x2
The centaur hits you but does no damage.
The centaur kicks you but does no damage.
You slash the centaur!
You kill the centaur!
Cheibriados thoroughly appreciates the change of pace.
Things that are here:
a +0 shortbow; 35 arrows; a centaur corpse
b - 81 bolts (gained 23)
Found a stone staircase leading down.
w - a scroll labelled INOODU ZIOTIT No target in view!
No target in view!
Found a stone staircase leading up.
No reachable target in view!
No reachable target in view! 2 deep trolls come into view.
The deep troll shouts!
You hit the deep troll.
The deep troll is poisoned.
The deep troll bites you but does no damage.
The deep troll claws you!
The deep troll claws you but does no damage.
You completely miss the deep troll. The deep troll bites you!
The deep troll claws you. x2; You block the deep troll's attack.
The deep troll claws you but does no damage. x2
Your plate armour prevents you from hitting the deep troll.
The deep troll bites you.
The deep troll claws you but does no damage.
You block the deep troll's attack.
You hit the deep troll.
The deep troll bites you but does no damage.
The deep troll claws you. You block the deep troll's attack.
You hit the deep troll.
The deep troll looks as sick as possible!
You bite the deep troll, but do no damage.
The deep troll barely misses you. The deep troll completely misses you.
The deep troll claws you but does no damage.
You closely miss the deep troll.
The deep troll bites you but does no damage.
You block the deep troll's attack. The deep troll claws you!
The deep troll bites you! You block the deep troll's attack.
The deep troll claws you but does no damage.
Throw: 16 darts (poison)
Aim: a deep troll (lightly wounded, extremely poisoned, 60% to hit)
You throw a poisoned dart.
The poisoned dart barely misses the deep troll.
The poisoned dart hits the deep troll!
The deep troll is poisoned.
Throw: 15 darts (poison)
Aim: a deep troll (lightly wounded, extremely poisoned, 63% to hit)
You throw a poisoned dart. The poisoned dart hits the deep troll!
The deep troll looks as sick as possible!
The deep troll completely misses you. The deep troll claws you!
The deep troll barely misses you.
You hit the deep troll. You block the deep troll's attack.
The deep troll claws you!
* * * LOW HITPOINT WARNING * * *
You block the deep troll's attack. The deep troll bites you!!
You die...

∆#≈.<..# #....# # #....####
#. #.......##
#######.#########....##...
##.....##.............####.
#.......##..########### #.
......:..##.# #.
".......TT@.# ∆ ..
.........#### ≈..
#.....$.## ≈≈.. ##.....##
≈§≈.# ###### ≈≈§.. .....#


You could see 2 deep trolls.

Vanquished Creatures
  Prince Ribbit (D:5)
  Sigmund (D:5)
  Eustachio (D:5)
  A steam dragon (D:6)
  A water moccasin (D:5)
  A hornet zombie (D:4)
  An orc warrior (D:6)
  A necrophage (D:6)
  2 ogres
  A centaur (D:7)
  Blork the orc (D:4)
  A bullfrog (D:4)
  A scorpion (D:5)
  A water moccasin skeleton (D:5)
  A howler monkey (D:6)
  2 jellies (D:5)
  2 bullfrog skeletons
  2 hounds (D:6)
  3 iguanas
  An orc wizard (D:6)
  A mummy (D:6)
  Robin (D:4)
  A howler monkey zombie (D:6)
  7 gnolls
  3 adders
  A white imp (D:6)
  An adder skeleton (D:5)
  2 worms
  4 dart slugs
  7 orcs
  3 bats
  8 endoplasms
  3 giant cockroaches
  23 goblins
  7 hobgoblins
  7 jackals
  A quokka (D:4)
  7 ball pythons
  3 frilled lizards
  7 kobolds
  9 rats
132 creatures vanquished.

Vanquished Creatures (others)
  3 plants (D:6)
3 creatures vanquished.

Grand Total: 135 creatures vanquished

Notes
Turn   | Place    | Note
-------+----------+-------------------------------------------
     0 | D:1      | dipablo the Gnoll Fighter began the quest for the Orb.
     0 | D:1      | Reached XP level 1. HP: 23/23 MP: 1/1
   172 | D:1      | Reached XP level 2. HP: 29/29 MP: 2/2
   828 | D:2      | Reached XP level 3. HP: 35/35 MP: 3/3
  1233 | D:2      | Reached skill level 1 in Invocations
  1238 | D:2      | Reached skill level 1 in Long Blades
  1238 | D:2      | Reached skill level 1 in Axes
  1238 | D:2      | Reached skill level 1 in Maces & Flails
  1238 | D:2      | Reached skill level 1 in Polearms
  1238 | D:2      | Reached skill level 1 in Staves
  1238 | D:2      | Reached skill level 1 in Slings
  1238 | D:2      | Reached skill level 1 in Bows
  1238 | D:2      | Reached skill level 1 in Crossbows
  1238 | D:2      | Reached skill level 1 in Throwing
  1238 | D:2      | Reached skill level 1 in Dodging
  1238 | D:2      | Reached skill level 1 in Stealth
  1238 | D:2      | Reached skill level 1 in Unarmed Combat
  1238 | D:2      | Reached skill level 1 in Spellcasting
  1238 | D:2      | Reached skill level 1 in Evocations
  1339 | D:2      | Reached XP level 4. HP: 37/41 MP: 5/5
  1550 | D:2      | Found a faded altar of an unknown god.
  1558 | D:2      | Reached skill level 1 in Conjurations
  1558 | D:2      | Reached skill level 1 in Hexes
  1558 | D:2      | Reached skill level 1 in Summonings
  1558 | D:2      | Reached skill level 1 in Necromancy
  1558 | D:2      | Reached skill level 1 in Translocations
  1558 | D:2      | Reached skill level 1 in Transmutations
  1558 | D:2      | Reached skill level 1 in Fire Magic
  1558 | D:2      | Reached skill level 1 in Ice Magic
  1558 | D:2      | Reached skill level 1 in Air Magic
  1558 | D:2      | Reached skill level 1 in Earth Magic
  1558 | D:2      | Reached skill level 1 in Poison Magic
  1918 | D:3      | Found Gefoll's Magic Scroll Emporium.
  1945 | D:3      | Bought a scroll of identify for 20 gold pieces
  1945 | D:3      | Bought a scroll of identify for 20 gold pieces
  1984 | D:3      | Found Plog's Antique Weapon Shop.
  2023 | D:3      | Found Agidunot's Antique Weapon Emporium.
  2522 | D:4      | Reached XP level 5. HP: 35/47 MP: 5/7
  2818 | D:4      | Found a staircase to the Ecumenical Temple.
  2837 | Temple   | Entered the Ecumenical Temple
  3030 | D:4      | Noticed an ogre
  3037 | D:4      | HP: 11/47 [ogre (16)]
  3040 | D:4      | Killed an ogre
  3041 | D:4      | Reached skill level 2 in Invocations
  3041 | D:4      | Reached XP level 6. HP: 13/53 MP: 8/8
  3524 | D:4      | Reached skill level 5 in Short Blades
  3561 | D:4      | Noticed Robin
  3592 | D:4      | Reached skill level 2 in Long Blades
  3592 | D:4      | Reached skill level 2 in Axes
  3592 | D:4      | Reached skill level 2 in Maces & Flails
  3592 | D:4      | Reached skill level 2 in Polearms
  3592 | D:4      | Reached skill level 2 in Staves
  3592 | D:4      | Reached skill level 2 in Slings
  3592 | D:4      | Reached skill level 2 in Bows
  3592 | D:4      | Reached skill level 2 in Crossbows
  3592 | D:4      | Reached skill level 2 in Throwing
  3592 | D:4      | Reached skill level 2 in Dodging
  3592 | D:4      | Reached skill level 2 in Stealth
  3592 | D:4      | Reached skill level 2 in Unarmed Combat
  3592 | D:4      | Reached skill level 2 in Spellcasting
  3592 | D:4      | Reached skill level 2 in Evocations
  3665 | D:4      | Killed Robin
  4168 | D:4      | Reached XP level 7. HP: 37/59 MP: 10/10
  4634 | D:5      | Entered Level 5 of the Dungeon
  4634 | D:5      | Noticed Blork the orc
  4650 | D:4      | Killed Blork the orc
  4651 | D:4      | Reached skill level 7 in Fighting
  4651 | D:4      | Reached skill level 7 in Armour
  4651 | D:4      | Reached skill level 7 in Shields
  4670 | D:4      | Reached skill level 2 in Conjurations
  4670 | D:4      | Reached skill level 2 in Hexes
  4670 | D:4      | Reached skill level 2 in Summonings
  4670 | D:4      | Reached skill level 2 in Necromancy
  4670 | D:4      | Reached skill level 2 in Translocations
  4670 | D:4      | Reached skill level 2 in Transmutations
  4670 | D:4      | Reached skill level 2 in Fire Magic
  4670 | D:4      | Reached skill level 2 in Ice Magic
  4670 | D:4      | Reached skill level 2 in Air Magic
  4670 | D:4      | Reached skill level 2 in Earth Magic
  4670 | D:4      | Reached skill level 2 in Poison Magic
  4908 | D:5      | Reached skill level 3 in Invocations
  4937 | D:5      | Noticed Prince Ribbit
  4974 | D:5      | Killed Prince Ribbit
  4975 | D:5      | Reached skill level 3 in Long Blades
  4975 | D:5      | Reached skill level 3 in Axes
  4975 | D:5      | Reached skill level 3 in Maces & Flails
  4975 | D:5      | Reached skill level 3 in Polearms
  4975 | D:5      | Reached skill level 3 in Staves
  4975 | D:5      | Reached skill level 3 in Slings
  4975 | D:5      | Reached skill level 3 in Bows
  4975 | D:5      | Reached skill level 3 in Crossbows
  4975 | D:5      | Reached skill level 3 in Throwing
  4975 | D:5      | Reached skill level 3 in Dodging
  4975 | D:5      | Reached skill level 3 in Stealth
  4975 | D:5      | Reached skill level 3 in Unarmed Combat
  4975 | D:5      | Reached skill level 3 in Spellcasting
  4975 | D:5      | Reached skill level 3 in Evocations
  4975 | D:5      | Reached XP level 8. HP: 64/67 MP: 12/12
  5028 | D:5      | Noticed Sigmund
  5050 | D:5      | Killed Sigmund
  5572 | D:5      | Noticed Eustachio
  5589 | D:5      | Killed Eustachio
  5818 | D:6      | Found a shadowy altar of Dithmenos.
  5833 | D:6      | Found a glowing silver altar of Zin.
  5880 | D:6      | Reached skill level 4 in Invocations
  5883 | D:6      | Reached skill level 3 in Conjurations
  5883 | D:6      | Reached skill level 3 in Hexes
  5883 | D:6      | Reached skill level 3 in Summonings
  5883 | D:6      | Reached skill level 3 in Necromancy
  5883 | D:6      | Reached skill level 3 in Translocations
  5883 | D:6      | Reached skill level 3 in Transmutations
  5883 | D:6      | Reached skill level 3 in Fire Magic
  5883 | D:6      | Reached skill level 3 in Ice Magic
  5883 | D:6      | Reached skill level 3 in Air Magic
  5883 | D:6      | Reached skill level 3 in Earth Magic
  5883 | D:6      | Reached skill level 3 in Poison Magic
  5948 | D:6      | Reached skill level 6 in Short Blades
  5977 | D:6      | Reached XP level 9. HP: 73/73 MP: 14/14
  6101 | D:6      | Reached skill level 4 in Long Blades
  6101 | D:6      | Reached skill level 4 in Axes
  6101 | D:6      | Reached skill level 4 in Maces & Flails
  6101 | D:6      | Reached skill level 4 in Polearms
  6101 | D:6      | Reached skill level 4 in Staves
  6101 | D:6      | Reached skill level 4 in Slings
  6101 | D:6      | Reached skill level 4 in Bows
  6101 | D:6      | Reached skill level 4 in Crossbows
  6101 | D:6      | Reached skill level 4 in Throwing
  6101 | D:6      | Reached skill level 4 in Dodging
  6101 | D:6      | Reached skill level 4 in Stealth
  6101 | D:6      | Reached skill level 4 in Unarmed Combat
  6101 | D:6      | Reached skill level 4 in Spellcasting
  6101 | D:6      | Reached skill level 4 in Evocations
  6178 | D:6      | Found a snail-covered altar of Cheibriados.
  6194 | D:6      | Became a worshipper of Cheibriados the Contemplative
  6598 | D:7      | Noticed a deep troll
  6598 | D:7      | Noticed a deep troll
  6600 | D:7      | Found the necklace of Bloodlust {*Rage +Rage Will++ Int-3
                  | Slay+6}
  6612 | D:7      | HP: 12/74 [deep troll (13)]
  6612 | D:7      | Mangled by a deep troll

Illustrated notes

Levels and vault maps discovered:
D:1:      minmay_arrival_split_and_join, layout_loops_ring
D:2:      layout_basic, chequers_ecumenical_altar_island, grunt_ministairs_9,
          chequers_decorated_corner
D:3:      layout_loops_ring, serial_shops, nicolae_shop_trees, shop, shop
D:4:      kennysheep_goblin_castle, layout_basic, minmay_temple_entry_junction
D:5:      layout_gridville, corexii_leaking_fountain, uniq_blork_the_orc,
          uniq_sigmund, uniq_prince_ribbit1, uniq_eustachio
D:6:      layout_loops_ring, slow_altar_2, mainiacjoe_overflow_chevrons,
          amcnicky_altar_gilded
D:7:      layout_rooms, serial_shops, nicolae_lakefront_shop,
          nicolae_water_bricks, minmay_misc_feat_rows,
          hellmonk_guarded_unrand_vitality_bloodlust
Temple:   regret_index_temple_mists

Skill      XL: |  1  2  3  4  5  6  7  8  9 |
---------------+----------------------------+-----
Invocations    | 1 2 3 4 |  4.4
Long Blades    | 1 2 3 4 |  4.0
Axes           | 1 2 3 4 |  4.0
Maces & Flails | 1 2 3 4 |  4.0
Polearms       | 1 2 3 4 |  4.0
Staves         | 1 2 3 4 |  4.0
Slings         | 1 2 3 4 |  4.0
Bows           | 1 2 3 4 |  4.0
Crossbows      | 1 2 3 4 |  4.0
Throwing       | 1 2 3 4 |  4.0
Dodging        | 1 2 3 4 |  4.0
Stealth        | 1 2 3 4 |  4.0
Unarmed Combat | 1 2 3 4 |  4.0
Spellcasting   | 1 2 3 4 |  4.0
Evocations     | 1 2 3 4 |  4.0
Conjurations   | 1 2 3 |  3.3
Hexes          | 1 2 3 |  3.3
Summonings     | 1 2 3 |  3.3
Necromancy     | 1 2 3 |  3.3
Translocations | 1 2 3 |  3.3
Transmutations | 1 2 3 |  3.3
Fire Magic     | 1 2 3 |  3.3
Ice Magic      | 1 2 3 |  3.3
Air Magic      | 1 2 3 |  3.3
Earth Magic    | 1 2 3 |  3.3
Poison Magic   | 1 2 3 |  3.3
Short Blades   | 5 6 |  6.2
Fighting       | 7 |  7.8
Armour         | 7 |  7.8
Shields        | 7 |  7.8

Action                   |  1- 3 |  4- 6 |  7- 9 || total
-------------------------+-------+-------+-------++-------
Melee: Rapier            |    99 |   171 |       ||   270
       Bite              |    11 |    26 |    21 ||    58
       Dagger            |       |   102 |    87 ||   189
       Hand axe          |       |       |   161 ||   161
Throw: Dart              |       |       |    27 ||    27
  Use: Scroll            |       |     4 |     5 ||     9
       Potion            |       |     1 |       ||     1
Armor: Scale mail        |    36 |    30 |       ||    66
       Chain mail        |       |    78 |    79 ||   157
       Plate armour      |       |       |    49 ||    49
Dodge: Dodged            |    25 |    75 |    72 ||   172
Block: Kite shield       |    47 |   151 |   160 ||   358

Table legend: (Time is in decaauts)
 A = Elapsed time spent in this place.
 B = Non-inter-level travel time spent in this place.
 C = Inter-level travel time spent in this place.
 D = Time resting spent in this place.
 E = Time spent auto-exploring this place.
 F = Levels seen in this place.
 G = Mean time per level.
                   A        B        C        D        E       F      G
               +--------+--------+--------+--------+--------+-----+--------+
         Total |   6838 |   6647 |    191 |    443 |   4706 |   8 |  854.8 |
       Dungeon |   6642 |   6458 |    184 |    443 |   4518 |   7 |  948.9 |
        Temple |    196 |    189 |      7 |      0 |    188 |   1 |  196.0 |
               +--------+--------+--------+--------+--------+-----+--------+

Top non-repeatable levels by time:
     D:4: 2045 daAuts
     D:2: 1095 daAuts
     D:5: 1033 daAuts
     D:6: 888 daAuts
     D:1: 820 daAuts
     D:3: 628 daAuts
  Temple: 196 daAuts
     D:7: 130 daAuts

Table legend:
 A = Kills in this place as a percentage of kills in entire the game.
 B = Kills by you in this place as a percentage of kills by you in the entire game.
 C = Kills by friends in this place as a percentage of kills by friends in the entire game.
 D = Other kills in this place as a percentage of other kills in the entire game.
 E = Experience gained in this place as a percentage of experience gained in the entire game.
 F = Experience gained in this place divided by the number of levels of this place that you have seen.
                   A       B       C       D       E      F
               +-------+-------+-------+-------+-------+----------------------
         Total | 100.0 | 100.0 |   N/A |   N/A | 100.0 | 363.9
       Dungeon | 100.0 | 100.0 |   N/A |   N/A | 100.0 | 415.9
               +-------+-------+-------+-------+-------+----------------------
